 Dungeon Crawl Stone Soup version 0.17-a0-1186-gbffdd7f (webtiles) character file.

140 Geeful the Skirmisher (level 5, -2/63 HPs)
             Began as a Demonspawn Abyssal Knight on June 1, 2015.
             Was a Believer of Lugonu.
             Slain by Grinder (5 damage)
             ... on level 3 of the Dungeon.
             The game lasted 00:14:00 (3283 turns).

Geeful the Skirmisher (Demonspawn Abyssal Knight)   Turns: 3283, Time: 00:14:00

Health: -2/63      AC: 22    Str: 12    XL:     5   Next: 2%
Magic:  15/15      EV:  2    Int: 13    God:    Lugonu [**....]
Gold:   69         SH:  0    Dex: 14    Spells: 0 memorised, 4 levels left

rFire  . . .     SeeInvis .     a - +1 short sword
rCold  . . .     Clarity  .     (armour currently unavailable)
rNeg   + + +     SustAt   .     (no shield)
rPois  +         Gourm    .     (helmet currently unavailable)
rElec  .         Spirit   .     (cloak currently unavailable)
rCorr  .         Warding  .     (gloves currently unavailable)
rMut   .         NoTele   +     (boots currently unavailable)
MR     .....                    (no amulet)
Stlth  ++++......               m - ring of poison resistance
                                e - ring of magical power

@: tree-form, not resistant to hostile enchantments, stealthy
A: (horns 0), (thin metallic scales 0), nightstalker 1
a: Depart the Abyss, Bend Space, Renounce Religion


You were on level 3 of the Dungeon.
You worshipped Lugonu.
Lugonu was pleased with you.
You were not hungry.
You were a tree.
You visited 1 branch of the dungeon, and saw 3 of its levels.
You visited the Abyss 1 time.

You collected 69 gold pieces.

Inventory:

Hand weapons
 a - a +1 short sword (weapon)
Missiles
 h - 26 poisoned needles
Armour
 b - a +0 leather armour (melded)
Jewellery
 e - a ring of magical power (left branch)
 m - a ring of poison resistance (right branch)
Scrolls
 f - a scroll of enchant armour {unknown}
 l - 3 scrolls of magic mapping
Potions
 g - a potion of brilliance
Comestibles
 c - a bread ration
 i - a meat ration
 j - a chunk of flesh
 k - a slice of pizza


   Skills:
 + Level 3.7 Fighting
 + Level 2.7 Short Blades
 - Level 1.7 Armour
 + Level 1.8 Dodging
 * Level 2.7 Stealth
 - Level 2.4 Invocations


You had 4 spell levels left.
You didn't know any spells.

Dungeon Overview and Level Annotations

Branches:
Dungeon (3/15)

Altars:
Fedhas
Qazlal

Annotations:
D:3 Grinder


Innate Abilities, Weirdness & Mutations

((You have a pair of horns on your head.))
((You are partially covered in thin metallic scales (AC +2).))
You are slightly more attuned to the shadows.


Message History

Grinder closely misses you.
You hit Grinder but do no damage.
Grinder is severely wounded.
Grinder gestures at you.
You suddenly lose the ability to move!
Grinder hits you!
* * * LOW HITPOINT WARNING * * *
You writhe in agony.
* * * LOW HITPOINT WARNING * * *
Grinder hits you.
* * * LOW HITPOINT WARNING * * *
You writhe in agony.
* * * LOW HITPOINT WARNING * * *
Grinder drinks a potion.
Grinder is healed!
You can move again.
Drink which item? (? for menu, Esc to quit)
You turn into a tree.
Your +0 leather armour melds into your body.
Your roots penetrate the ground.
Grinder hits you.
You die...

############
########...........
######....^.....)......
...................#...
#######.####.#...5..#.#
........# #.#..♣#...#
....##### #......#..#
###.# ##..#...###
###.###### #...#..#
.......... ......###
###########....)#
###..# #.


You could see Grinder.

Vanquished Creatures
  5 adders (D:2)
  4 gnolls
  An ooze (D:1)
  4 giant cockroaches
  8 goblins
  8 hobgoblins
  A quokka (D:3)
  3 bats
  A giant gecko (D:1)
  5 giant newts
  7 kobolds
  9 rats
56 creatures vanquished.

Vanquished Creatures (others)
  A gnoll (D:2)
1 creature vanquished.

Grand Total: 57 creatures vanquished

Notes
Turn   | Place    | Note
--------------------------------------------------------------
     0 | Abyss:1  | Geeful the Demonspawn Abyssal Knight began the quest for the Orb.
     0 | Abyss:1  | Reached XP level 1. HP: 18/18 MP: 2/2
     5 | Abyss:1  | Found a corrupted altar of Lugonu.
    26 | Abyss:1  | Found a shadowy altar of Dithmenos.
    61 | Abyss:1  | Noticed a small abomination
    62 | D:1      | Escaped the Abyss
   159 | D:1      | Reached skill level 1 in Dodging
   267 | D:1      | Reached skill level 1 in Stealth
   280 | D:1      | Acquired Lugonu's first power
   471 | D:1      | Gained mutation: You are partially covered in thin metallic scales (AC +2). [demonic ancestry]
   471 | D:1      | Reached XP level 2. HP: 18/24 MP: 3/3
  1218 | D:1      | Gained mutation: You have a pair of small horns on your head. [demonic ancestry]
  1218 | D:1      | Reached XP level 3. HP: 20/29 MP: 4/4
  1358 | D:1      | Acquired Lugonu's second power
  2144 | D:2      | Gained mutation: You are slightly more attuned to the shadows. [demonic ancestry]
  2144 | D:2      | Reached XP level 4. HP: 35/35 MP: 5/5
  2160 | D:2      | Found a stormy altar of Qazlal.
  3003 | D:2      | Found a blossoming altar of Fedhas.
  3135 | D:3      | Gained mutation: You have a pair of horns on your head. [demonic ancestry]
  3135 | D:3      | Reached XP level 5. HP: 36/42 MP: 6/6
  3257 | D:3      | Noticed Grinder
  3279 | D:3      | Paralysed by Grinder for 4 turns
  3281 | D:3      | HP: 2/42 [Grinder (3)]
  3283 | D:3      | Slain by Grinder

Vault maps used:
D:1:      dpeg_arrival_prison
D:2:      grunt_qazlal_clouds, fedhas_altar_4, grunt_decor_resistance
D:3:      minmay_splitting_lines, uniq_grinder, uniq_crazy_yiuf_cottage
Abyss:1:  minivault_23

Action                   |  1- 3 |  4- 6 || total
-------------------------+-------+-------++-------
Melee: Short sword       |   128 |    68 ||   196
Invok: Depart the Abyss  |     1 |       ||     1
  Use: Scroll            |     5 |       ||     5
       Potion            |     3 |     1 ||     4
 Stab: Sleeping          |     3 |     6 ||     9
  Eat: Chunk             |     4 |     2 ||     6
       Pizza             |       |     1 ||     1
